Cogmind - Beta 15 @@@ ROGUE MODE // 2025.06.11 @ 13:40:48 Player: DZKane Result: Destroyed by WM-L5H(R) with Subdweller Laser Performance ------------- Evolutions (0) 0 Regions Visited (2) 400 Robots Destroyed (9) 45 Value Destroyed (286) 286 Prototype IDs (2) 40 Alien Tech Used (0) 0 Bonus (0) 0 TOTAL SCORE: 771 Bonus ------- None Cogmind --------- Core Integrity 0/250 Matter 295/300 Energy 100/100 System Corruption 0% Temperature Cool (12) Movement Treading (160) Location -10/Subcaves Parts ------- > --- POWER (1) -------- (None) > --- PROPULSION (2) --- Light Treads Light Treads > --- UTILITY (2) ------ Large Storage Unit Core Shielding > --- WEAPON (2) ------- Small Laser Subdweller Laser > --- INVENTORY (15) --- Ion Engine Subdweller Power Source Light Treads Compact Wheel Subdweller Monowheel Subdweller Monowheel Subdweller Monowheel High-capacity Matter Pod (200) Transport Network Coupler Core Shielding Core Shielding Subdweller Laser Datajack Mining Laser Peak State ------------ > --- POWER ------------ Ion Engine > --- PROPULSION ------- Light Treads Light Treads > --- UTILITY ---------- Large Storage Unit Core Shielding > --- WEAPON ----------- Small Laser Light Assault Rifle > --- INVENTORY -------- Ion Engine Subdweller Power Source Light Treads Compact Wheel Subdweller Monowheel Subdweller Monowheel Subdweller Monowheel High-capacity Matter Pod Transport Network Coupler Core Shielding Core Shielding Subdweller Laser Subdweller Laser Datajack Mining Laser [Rating: 9] Favorites ----------- Power Ion Engine Engine Ion Engine Propulsion Light Treads Treads Light Treads Leg Aluminum Leg Utility Targeting Computer Device Terrain Scanner Storage Large Storage Unit Processor Targeting Computer Protection Core Shielding Weapon Light Assault Rifle Energy Gun Medium Laser Ballistic Gun Light Assault Rifle Special Weapon Mining Laser Build | -11 -10 -10 ------- Run | Yrd Mat Sub Slots Evolved . | . . . Power . | . . . Propulsion . | . . . Utility . | . . . Weapon . | . . . Parts Attached 16 | 2 6 8 Power 2 | . 1 1 Engine 2 | . 1 1 Core . | . . . Reactor . | . . . Propulsion 4 | 2 . 2 Treads 4 | 2 . 2 Leg . | . . . Wheel . | . . . Hover . | . . . Flight . | . . . Utility 6 | . 4 2 Device 1 | . 1 . Storage 2 | . 2 . Processor 1 | . 1 . Hackware . | . . . Protection 2 | . . 2 Artifact . | . . . Weapon 4 | . 1 3 Energy Gun 3 | . . 3 Energy Cannon . | . . . Ballistic Gun . | . . . Ballistic Cannon . | . . . Launcher . | . . . Special Weapon 1 | . 1 . Impact Weapon . | . . . Slashing Weapon . | . . . Piercing Weapon . | . . . Special Melee Weapon . | . . . Unidentified Prototypes . | . . . Parts Lost 7 | . . 7 Power 2 | . . 2 Propulsion 2 | . . 2 Utility 1 | . . 1 Weapon 2 | . . 2 Highest Loss Streak 2 | . . 2 To Critical Strikes 1 | . . 1 Average Backups 10 | 6 9 14 Power 1 | 1 1 1 Propulsion 4 | 4 4 4 Utility 2 | . 2 4 Weapon 1 | 1 1 2 Tool/Special . | . . . Unused Backups 20 | . 7 13 Power 3 | . 2 1 Propulsion 7 | . 2 5 Utility 7 | . 3 4 Weapon 2 | . . 2 Tool/Special 1 | . . 1 Average Slot Usage (%) 98 | . 99 98 Engine 13 | . 14 13 Treads 28 | . 28 28 Storage 14 | . 14 14 Processor 7 | . 12 . Protection 4 | . . 13 Energy Gun 10 | . 8 13 Ballistic Gun 14 | . 14 14 Special Weapon 3 | . 5 . Peak Build Rating 9 | 6 8 9 Average Rating 7 | 6 7 8 On Entrance 6 | 6 6 8 Naked Turns . | . . . Heaviest Build 31 | 11 27 31 Greatest Support 40 | 40 40 40 Greatest Overweight (x) . | . . . Average Overweight (x) . | . . . Largest Inventory Capacity 15 | 8 15 15 Average Capacity 11 | 8 9 15 Most Carried 15 | 6 15 15 Average Carried 10 | 6 9 14 Final Capacity 15 | 8 15 15 Final Carried 15 | 6 15 14 Class Distribution -------------------- 100% | Mutant Dominant Class ---------------- Mutant | -10/Materials Mutant | -10/Subcaves Resources | -11 -10 -10 ----------- Run | Yrd Mat Sub Matter Collected 582 | 210 114 258 Remotely . | . . . Salvage Created 452 | . 199 253 Parts 24 | . 9 15 Haulers Intercepted 2 | . 2 . Recyclers Shooed . | . . . Parts Field Recycled . | . . . Retrieved Matter . | . . . Parts Self-Destructed 3 | . . 3 Prevented . | . . . Kills | -11 -10 -10 ------- Run | Yrd Mat Sub Combat Hostiles Destroyed 7 | . 2 5 Guns 7 | . 2 5 Classes Destroyed 3 | . 2 1 Hauler 2 | . 2 . Grunt 4 | . 2 2 Subdweller 3 | . . 3 Best Kill Streak 2 | . 1 2 Combat Bots Only 2 | . 1 2 Max Kills in Single Turn 1 | . 1 1 Gunslinging . | . . . Exploded . | . . . Melee . | . . . Uniques/NPCs Destroyed . | . . . Combat | -11 -10 -10 -------- Run | Yrd Mat Sub Hostile Shots Fired 89 | . 22 67 Missed 18 | . 2 16 Hits 71 | . 20 51 Projectile 71 | . 20 51 Critical Strikes 2 | . 1 1 Damage Taken 1244 | . 279 965 Core 256 | . 32 224 Absorbed by Shields . | . . . Redirected to Shielding 39 | . . 39 Core Remaining (%) 100 | 100 . . Volleys Fired 68 | . 30 38 Largest 2 | . 2 2 Hottest 100 | . 100 100 Shots Fired 130 | . 54 76 Gun 124 | . 48 76 Cannon . | . . . Launcher . | . . . Special 6 | . 6 . Kinetic 61 | . 24 37 Thermal 56 | . 30 26 Explosive . | . . . Electromagnetic 13 | . . 13 Robot Hit Streak 18 | . 18 12 Robot Miss Streak 2 | . 1 2 Penetration Max . | . . . Secondary Targets 1 | . . 1 Max Gunslinging Chain 1 | . . 1 Shots Hit Robots 100 | . 42 58 Core Hits 25 | . 10 15 Critical Kills . | . . . Critical Parts Destroyed . | . . . Critical Strikes 3 | . 2 1 Burn 2 | . 2 . Destroy 1 | . . 1 Melee Attacks . | . . . Impact . | . . . Slashing . | . . . Piercing . | . . . Sneak Attacks . | . . . Combat Hostiles . | . . . Follow-up Attacks . | . . . Damage Inflicted 975 | . 422 553 Guns 975 | . 422 553 Cannons . | . . . Explosions . | . . . Melee . | . . . Ramming . | . . . Kinetic 366 | . 172 194 Thermal 490 | . 250 240 Explosive . | . . . Electromagnetic 119 | . . 119 Impact . | . . . Slashing . | . . . Piercing . | . . . Highest Corruption . | . . . Average Corruption . | . . . Corruption Purged . | . . . Corruption Blocked . | . . . Overload Shots . | . . . Overflow Damage . | . . . Projectiles . | . . . Explosions . | . . . Melee . | . . . Knockbacks . | . . . Impact . | . . . Kinetic . | . . . Secondary . | . . . Self-Inflicted Damage . | . . . Shots . | . . . Rammed . | . . . Targets Rammed . | . . . Kicked . | . . . Crushed . | . . . Highest Temperature 227 | . 227 5 Average Temperature 62 | . 65 2 Received Heat Transfer 474 | . 165 309 Siege Activations . | . . . Martial Activations . | . . . Shielding Activations . | . . . Robots Disrupted . | . . . Combat Hostiles . | . . . Robots Corrupted . | . . . Combat Hostiles . | . . . Parts Fried . | . . . Impact Corruptions . | . . . Robots Melted . | . . . Combat Hostiles . | . . . Parts Melted 3 | . 2 1 Heat Transferred 1413 | . 888 525 Parts Sabotaged . | . . . Parts Stolen . | . . . Parts Stripped . | . . . Power Chain Reactions . | . . . Alert | -11 -10 -10 ------- Run | Yrd Mat Sub Maximum Alert Level . | . . . Low Security (%) 100 | 100 100 . Level 1 . | . . . Level 2 . | . . . Level 3 . | . . . Level 4 . | . . . Level 5 . | . . . High Security . | . . . Max Security . | . . . Peak Influence 40 | . 40 . Initial . | . . . Average 4 | . 4 . Influence Increases 140 | . 90 50 Destroy 0b10 Robot/C 80 | . 40 40 Destroy 0b10 Robot/NC 10 | . 10 . Destroy Leader 24 | . 14 10 Successful Hack 5 | . 5 . Destroy Structure 6 | . 6 . Lose Combat Pursuer 15 | . 15 . Influence Decreases 140 | . 90 50 Time Decay 140 | . 90 50 Squads Dispatched . | . . . Investigation . | . . . Extermination . | . . . Reinforcement . | . . . Assault . | . . . Garrison . | . . . Intercept . | . . . Searches Triggered . | . . . Construction Impeded . | . . . Haulers Reinforced . | . . . Active Scanning Responses . | . . . Cargo Convoy Interrupts . | . . . Stealth | -11 -10 -10 --------- Run | Yrd Mat Sub Distress Signals 1 | . 1 . Communications Jammed . | . . . Distress Signals . | . . . Times Spotted 13 | . 6 7 Peak Tracking Total 3 | . 3 2 Tactical Retreats 1 | . 1 . Traps | -11 -10 -10 ------- Run | Yrd Mat Sub Traps Triggered 1 | . 1 . Indirectly . | . . . Trap Hack Attempts . | . . . Triggered . | . . . Disarmed . | . . . Reprogrammed . | . . . Reused . | . . . Traps Extracted . | . . . Installed . | . . . Triggered . | . . . Machines | -11 -10 -10 ---------- Run | Yrd Mat Sub Machines Disabled . | . . . Max in Single Turn . | . . . Machines Repaired . | . . . Machines Dismantled . | . . . Machines Sabotaged . | . . . Overloaded Fab Kills . | . . . Hacking | -11 -10 -10 --------- Run | Yrd Mat Sub Machines Accessed 4 | . 4 . Terminals 4 | . 4 . Fabricators . | . . . Repair Stations . | . . . Recycling Units . | . . . Scanalyzers . | . . . Garrison Access . | . . . Total Hacks 9 | . 9 . Successful 3 | . 3 . Failed 6 | . 6 . Catastrophic . | . . . Database Lockouts . | . . . Manual 1 | . 1 . Terminals 9 | . 9 . Fabricators . | . . . Repair Stations . | . . . Recycling Units . | . . . Scanalyzers . | . . . Garrison Access . | . . . Terminal Hacks 2 | . 2 . Prototype ID Bank 1 | . 1 . Zone Layout 1 | . 1 . Fabricator Hacks . | . . . Repair Station Hacks . | . . . Recycling Unit Hacks . | . . . Scanalyzer . | . . . Garrison Access Hacks . | . . . Unauthorized Hacks 1 | . 1 . Terminals 1 | . 1 . Botnet 1 | . 1 . Fabricators . | . . . Repair Stations . | . . . Recycling Units . | . . . Scanalyzers . | . . . Garrison Access . | . . . Data Cores Recovered . | . . . Used . | . . . Hacking Detections 4 | . 4 . Full Trace Events . | . . . Feedback Events . | . . . Feedback Blocked . | . . . Robot Schematics Acquired . | . . . Robots Built . | . . . Authchips . | . . . Time . | . . . Total Robot Build Rating . | . . . Part Schematics Acquired . | . . . Parts Built . | . . . Authchips . | . . . Time . | . . . Total Part Build Rating . | . . . Parts Repaired . | . . . Time . | . . . Parts Recycled . | . . . Recycled Matter . | . . . Retrieved Matter . | . . . Retrieved Components . | . . . Parts Scanalyzed . | . . . Part Schematics Acquired . | . . . Parts Damaged . | . . . Bothacking | -11 -10 -10 ------------ Run | Yrd Mat Sub Used RIF Installer . | . . . Robots Hacked . | . . . Non-combat . | . . . Combat . | . . . Robot Hacks Applied . | . . . Relay Couplers Released . | . . . Fabnet Peak Effective % . | . . . Robots Rewired . | . . . Allies Hacked . | . . . Hacks Repelled . | . . . Allies | -11 -10 -10 -------- Run | Yrd Mat Sub Total Allies . | . . . Largest Group . | . . . Highest-Rated Group . | . . . Highest-Rated Ally . | . . . Total Orders . | . . . Ally Attacks . | . . . Total Damage . | . . . Kills . | . . . Allies Corrupted . | . . . Allies Melted . | . . . Intel | -11 -10 -10 ------- Run | Yrd Mat Sub Active Infowar (turns) 45 | . 45 . Terrain 45 | . 45 . Robot Analysis Total . | . . . Derelict Logs Recovered . | . . . Drone Launches . | . . . Drone Recoveries . | . . . Exploration | -11 -10 -10 ------------- Run | Yrd Mat Sub Turns Passed 1005 | 15 624 366 Spaces Moved 429 | 8 282 139 Core . | . . . Treads 429 | 8 282 139 Legs . | . . . Wheels . | . . . Hover . | . . . Flight . | . . . Fastest Speed 160 | 160 160 160 Average Speed 160 | 160 160 160 Slowest Speed 160 | 160 160 160 Overloaded Moves . | . . . Propulsion Burnouts . | . . . Robots Hopped . | . . . Potential Cave-ins . | . . . Cave-ins Triggered . | . . . Exploration Rate (%) 20 | 2 44 14 Regions Visited 2 Branch Regions 1 Pre-discovered Areas . | . . . Known Exits Taken . | . . . Unknown Exits Taken 2 | 1 1 . Scrap Searched . | . . . Spaces Dug 6 | . 6 . Terrain Destroyed 6 | . 6 . Melee . | . . . Projectile 6 | . 6 . AOE . | . . . Terrain Rammed . | . . . Walls Destroyed . | . . . Machines Disabled . | . . . Actions | -11 -10 -10 --------- Run | Yrd Mat Sub Total 621 | 9 397 215 Wait 79 | . 57 22 Move 427 | 7 281 139 Hop . | . . . Pick Up 20 | . 14 6 Fast Attach 3 | . 2 1 Attach 6 | . . 6 Detach . | . . . Swap 7 | 2 4 1 Drop 11 | . 9 2 Fire 68 | . 30 38 Melee . | . . . Ram . | . . . Kick . | . . . Crush . | . . . Escape Stasis . | . . . Rewire . | . . . Trap . | . . . Miscellaneous . | . . . Route ------- -11/Scrapyard -10/Materials (discovered 2 exits: [*Mat] / [*Sub]) -10/Subcaves (discovered 1 exit: [*Mat]) History --------- Turn | Location | Event 4 | -11/Scrapyard | Discovered new exit (range 3) 16 | -11/Scrapyard | Entered Materials 317 | -10/Materials | Build established: Mutant 431 | -10/Materials | Discovered new exit (range 14) 438 | -10/Materials | Discovered new exit (range 8) 640 | -10/Materials | Entered Subcaves 708 | -10/Subcaves | Discovered new exit (range 12) 835 | -10/Subcaves | Core integrity fell below 50% 1001 | -10/Subcaves | Core integrity fell below 20% 1006 | -10/Subcaves | Destroyed by WM-L5H(R) with Subdweller Laser Last Messages --------------- 00822_ XS-46P(R) suffers critical hit (Destroy). 00824_ Lgt. Treads destroyed. 00828_ Subatomizers dissect the Corrupted Disposable Heat Sink. 00828_ Critical hit (Destroy). 00828_ Lgt. Treads destroyed. 00838_ Sub. Laser melted. 00838_ XS-46P(R) destroyed. 00839_ Subatomizers dissect the Corrupted Disposable Heat Sink, destroying it. 00844_ Acquired Corrupted Sub. Monowheel. 00845_ Acquired 41 matter. 00853_ Acquired Sub. Laser. 00855_ Acquired Sub. Power Source. 00858_ Acquired Sub. Monowheel. 00859_ Acquired 59 matter. 00929_ Acquired 5 matter. 00939_ KA-JFO(O) collects matter. 01002_ Lgt. Assault Rifle destroyed. 01006_ Ion Engine destroyed. Map ----- +----------------------------------------------------+ | ?????????????????????????????????????????????????? | | ?????????????????????????????????????????????????? | | ?????????????????????????????????????????????????? | | ?????????????????????????????????????????????????? | | ?????????????????????????????????????????????????? | | ?????????????????????????????????????????????????? | | ?????????????????????????????????????????????????? | | ?????????????????????????????????????????????????? | | ??????????????????????????????????????????????? #? | | ???????????????????????????? ??????#####????? ## | | ????????????????????????????# ??##### #????? ## | | ????????????????????????????# ?## ## #????# | | ????????????????????????????# ?# ####? # | | ?????????????????????? ????# ## ## | | ????????????????#?????? ### # | | ???????????????# ?????? ?? | | ??????????????## "???????? #???? | | ??????????????# ""???????????# #???? | | ??????????????? "???????????# #???? | | ???????????????# "?????????## #???? | | ???????????????# ????????## ##??? | | ???????????????# ??####### ## ## ##?? | | ??????????## ## ### ## ###### ##? | | ??????????# R #??## ## | | ???? R ##??# # | | ???? %## ## #@ O ##??# ## | | ?????????????#### ######## ##???# #### | | ????????????????#####??????### ##????## #??### | | ?????????????????????????????###??????#####????### | | ?????????????????????????????????????????????????? | | ?????????????????????????????????????????????????? | | ?????????????????????????????????????????????????? | | ?????????????????????????????????????????????????? | | ?????????????????????????????????????????????????? | | ?????????????????????????????????????????????????? | | ?????????????????????????????????????????????????? | | ?????????????????????????????????????????????????? | | ?????????????????????????????????????????????????? | | ?????????????????????????????????????????????????? | | ?????????????????????????????????????????????????? | | ?????????????????????????????????????????????????? | | ?????????????????????????????????????????????????? | | ?????????????????????????????????????????????????? | | | | | | | | | | | | | | | +----------------------------------------------------+ Best States ------------- Heat Dissipation 25 Energy Generation 10 Energy Capacity 250 Matter Stores 300 Matter Capacity 300 Sight Range 16 Terrain Scan Range 14 Terrain Scan Density 10 Armor Coverage 150 Core Shielding 20 Evasion (%) 40 Targeting Accuracy 5 Recoil Reduction 2 Item Schematics ----------------- None Robot Schematics ------------------ None Fabricated ------------ Nothing Repaired ---------- Nothing Alien Tech Used ----------------- None Achievements -------------- None Challenges ------------ None Game ------ Seed StealthGravitonDoomcannon Manual? 0 Play Time 00:09:37 Cumulative 248.5 hours Start 2025.06.11 @ 13:33:26 End 2025.06.11 @ 13:40:48 Sessions 1 Manual Loads 0 Difficulty Rogue Special Mode None Game No. 147 Rogue 147 Adventurer 0 Explorer 0 Win Type - Total 11 Types 11/0/0/0/0/0/0/0/0/0 Lore% 69 Gallery% 68 Achievement% 61 Wizard Run 0 Options --------- Layout 1 ASCII 0 Keyboard 0 Movement Numpad Keybinds 0 Fullscreen 1 Font 24/Smallcaps Map View 50x35 Zoom Use 0% Tactical HUD 1 Map Filters NONE Filters NONE Steam 1 RUN: bc8e5a5d-ca4e-423d-8481-ecc7e46bd25d